 Dungeon Crawl Stone Soup version 0.18.1-48-g4cf74bf (webtiles) character file.

21 avery4life the Shooter (level 2, -1/25 HPs)
             Began as a Centaur Arcane Marksman on June 30, 2016.
             Slain by an adder (3 damage)
             ... on level 1 of the Dungeon.
             The game lasted 00:07:27 (1522 turns).

avery4life the Shooter (Centaur Arcane Marksman)    Turns: 1522, Time: 00:07:28

Health: -1/25      AC:  5    Str: 13    XL:     2   Next: 62%
Magic:  3/3        EV:  9    Int: 12    God:
Gold:   0          SH:  0    Dex:  8    Spells: 1 memorised, 2 levels left

rFire  . . .     SeeInvis .     a - +1 shortbow
rCold  . . .     Gourm    .     b - +1 robe
rNeg   + . .     Faith    .     (shield currently unavailable)
rPois  .         Spirit   .     (no helmet)
rElec  .         Dismiss  .     (no cloak)
rCorr  .         Reflect  .     (no gloves)
SustAt .         Harm     .     (no barding)
MR     .....     Rnd*Rage +     (no amulet)
Stlth  +.........               (no ring)
                                l - ring of positive energy

@: lethally poisoned (-1 -> -9), very quick, not resistant to hostile
enchantments, very unstealthy
A: hooves 3, berserk 1, deformed body, speed 2, low mp 1, robust 1, tough skin 3
a: no special abilities


You were on level 1 of the Dungeon.
You were not hungry.

You visited 1 branch of the dungeon, and saw 2 of its levels.

Inventory:

Hand Weapons
 a - a +1 shortbow (weapon)
Missiles
 d - 16 arrows (quivered)
Armour
 b - a +1 robe (worn)
 h - a +0 leather armour
Jewellery
 l - a ring of positive energy (left hand)
Books
 c - a book of Debilitation

   Spells                             Type                      Level
   a - Corona                         Hexes                        1
   b - Slow                           Hexes                        2
   c - Gell's Gravitas                Hexes/Translocation          3
   d - Inner Flame                    Hexes/Fire                   3
   e - Cause Fear                     Hexes                        4
   f - Leda's Liquefaction            Hexes/Earth                  4
Comestibles
 f - a bread ration
 k - 2 meat rations


   Skills:
 + Level 1.0 Fighting
 + Level 3.5 Bows
 + Level 1.5 Dodging
 + Level 1.0 Spellcasting
 + Level 3.1 Hexes


You had 2 spell levels left.
You knew the following spells:

 Your Spells              Type           Power        Failure   Level  Hunger
a - Corona                Hex            #......      12%         1    ##.....


Dungeon Overview and Level Annotations

Branches:
Dungeon (2/15)

Altars:

Annotations:
D:2 Jessica


Innate Abilities, Weirdness & Mutations

You have hooves in place of feet.
Armour fits poorly on your strangely shaped body.
You cover ground very quickly.
You have extremely tough skin (AC +3).
You tend to lose your temper in combat.
Your magical capacity is low (-10% MP).
You are robust (+10% HP).


Message History

You shoot an arrow. The arrow misses the adder.
* * * LOW HITPOINT WARNING * * *
You feel sick. The adder closely misses you.
Unknown command.
Firing (i - inventory):
d - 18 arrows (quivered)
Press: ? - help, Shift-Dir - straight line, f/p - adder
Aim: an adder (lightly wounded)
You shoot an arrow. The arrow barely misses the adder.
* * * LOW HITPOINT WARNING * * *
You feel sick. The adder misses you. The adder bites you.
* * * LOW HITPOINT WARNING * * *
Unknown command.
Firing (i - inventory):
d - 17 arrows (quivered)
Press: ? - help, Shift-Dir - straight line, f/p - adder
Aim: an adder (lightly wounded)
You shoot an arrow. The arrow hits the adder!
The adder is heavily wounded.
* * * LOW HITPOINT WARNING * * *
You feel sick. The adder bites you.
You die...

##............
#######..##.........
#..(.......#########
#..........######...
#.................##
#..........########
#..........#
#..S.......#
#..@.......#
############


You could see an adder.

Vanquished Creatures
  3 giant geckos (D:1)
  A giant cockroach (D:1)
  3 goblins (D:1)
  2 hobgoblins (D:1)
  2 kobolds (D:1)
  3 ball pythons
  2 giant newts (D:2)
16 creatures vanquished.

Notes
Turn   | Place    | Note
--------------------------------------------------------------
     0 | D:1      | avery4life the Centaur Arcane Marksman began the quest for the Orb.
     0 | D:1      | Reached XP level 1. HP: 16/16 MP: 2/2
   202 | D:1      | Reached XP level 2. HP: 23/23 MP: 3/3
  1192 | D:2      | Noticed Jessica
  1201 | D:2      | Gained mutation: You tend to lose your temper in combat. [potion of mutation]
  1201 | D:2      | Gained mutation: You are robust (+10% HP). [potion of mutation]
  1201 | D:2      | Gained mutation: Your magical capacity is low (-10% MP). [potion of mutation]
  1204 | D:2      | HP: 1/25 [Jessica (1)]
  1522 | D:1      | Slain by an adder

Skill      XL: |  1  2 |
---------------+-------+-----
Hexes          | 3 |  3.1
Bows           | 3 |  3.5
Fighting       | |  1.0
Dodging        | |  1.5
Spellcasting   | |  1.0

Action                   || total
-------------------------++-------
Melee: Shortbow          ||     1
 Fire: Shortbow          ||    89
 Cast: Corona            ||     3
  Use: Scroll            ||     7
       Potion            ||     1
  Eat: Fruit             ||     2
Armor: Robe              ||    27
Dodge: Dodged            ||    25
